 Dungeon Crawl Stone Soup version 0.19-a0-414-g76fec5b (webtiles) character file.

7449 Denapoli the Martial Artist (level 10, -5/88 HPs)
             Began as a White Draconian Transmuter on May 31, 2016.
             Was an Elder of Okawaru.
             Slain by an ettin
             ... wielding a +0 dire flail
              (26 damage)
             ... on level 2 of the Orcish Mines.
             The game lasted 00:33:12 (11250 turns).

Denapoli the Martial Artist (DrTm)                 Turns: 11250, Time: 00:33:13

Health: -5/88      AC: 15    Str: 13    XL:     10   Next: 93%
Magic:  13/13      EV: 17    Int: 14    God:    Okawaru [****..]
Gold:   623        SH:  0    Dex: 16    Spells: 2 memorised, 9 levels left

rFire  . . .     SeeInvis .       - Unarmed
rCold  + . .     Gourm    .     (armour unavailable)
rNeg   . . .     Faith    .     (no shield)
rPois  .         Spirit   .     (helmet restricted)
rElec  .         Dismiss  .     E - +0 cloak
rCorr  .         Reflect  .     j - +0 pair of gloves
SustAt .         Harm     .     g - +2 pair of boots
MR     .....                    (no amulet)
Stlth  ++........               t - +3 ring of protection
                                n - +2 ring of dexterity

@: not resistant to hostile enchantments, unstealthy
A: breathe frost, unfitting armour, cold resistance 1, cold-blooded, AC +7
a: Breathe Frost, Heroism, Renounce Religion


You were on level 2 of the Orcish Mines.
You worshipped Okawaru.
Okawaru was greatly pleased with you.
You were not hungry.

You visited 2 branches of the dungeon, and saw 11 of its levels.

You collected 623 gold pieces.

Inventory:

Missiles
 a - 99 arrows
Armour
 g - a +2 pair of boots (worn)
 j - a +0 pair of gloves (worn)
 u - a +0 buckler
 E - a +0 cloak (worn)
Jewellery
 n - a +2 ring of dexterity (left hand)
 t - a +3 ring of protection (right hand)
 B - an uncursed ring of ice
Wands
 v - a wand of disintegration (12/24)
 w - a wand of iceblast (6/15)
 y - a wand of iceblast (11/15)
 H - a wand of digging (14/24)
 K - a wand of polymorph (18/24)
Scrolls
 c - 2 scrolls of enchant armour
 d - 7 scrolls of remove curse {unknown}
 e - a scroll of recharging {unknown}
 f - 2 scrolls of magic mapping
 h - 4 scrolls of immolation
 k - 3 scrolls of blinking
 o - 6 scrolls of teleportation
 C - a scroll of fog
 D - a scroll of fear {unknown}
 I - a scroll of amnesia {unknown}
 J - 3 scrolls of identify
Potions
 i - 2 potions of brilliance {unknown}
 l - a potion of heal wounds {unknown}
 m - 2 potions of agility {unknown}
 p - 2 potions of curing
 q - 2 potions of cancellation {unknown}
 x - a potion of invisibility {unknown}
 z - a potion of might {unknown}
 A - 2 potions of lignification {unknown}
 L - a potion of beneficial mutation {unknown}
Books
 b - a book of Changes

   Spells                             Type                      Level
   a - Beastly Appendage              Transmutation                1
   b - Sticks to Snakes               Transmutation                2
   c - Spider Form                    Transmutation/Poison         3
   d - Ice Form                       Ice/Transmutation            4
   e - Blade Hands                    Transmutation                5
 s - a book of Annihilations

   Spells                             Type                      Level
   a - Poison Arrow                   Conjuration/Poison           6
   b - Chain Lightning                Conjuration/Air              8
   c - Lehudib's Crystal Spear        Conjuration/Earth            8
   d - Glaciate                       Conjuration/Ice              9
   e - Fire Storm                     Conjuration/Fire             9
 F - a book of Battle

   Spells                             Type                      Level
   a - Infusion                       Charms                       1
   b - Shroud of Golubria             Charms/Translocation         2
   c - Song of Slaying                Charms                       2
   d - Spectral Weapon                Hexes/Charms                 3
   e - Regeneration                   Charms/Necromancy            3
Comestibles
 r - 9 beef jerkies
 G - 3 bread rations
 M - a meat ration
 N - 15 chunks of flesh


   Skills:
 + Level 8.3 Fighting
 + Level 7.1 Dodging
 - Level 2.0 Shields
 * Level 11.0 Unarmed Combat
 - Level 2.0 Spellcasting
 + Level 7.5 Transmutations


You had 9 spell levels left.
You knew the following spells:

 Your Spells              Type           Power        Failure   Level  Hunger
a - Beastly Appendage     Tmut           ###...       1%          1    ##.....
c - Spider Form           Tmut/Pois      ##........   17%         3    ####...


Dungeon Overview and Level Annotations

Branches:
Dungeon (9/15)             Temple (0/1) D:6             Orc (2/2) D:9
    Elf (0/3) Orc:2
   Lair: D:8-11

Altars:
Ashenzari
Cheibriados
Elyvilon
Gozag
Hepliaklqana
Kikubaaqudgha
Makhleb
Nemelex Xobeh
Okawaru
Qazlal
Trog
Uskayaw
Xom
Zin

Shops:
D:4 ?   D:9 *%   Orc:2 (


Innate Abilities, Weirdness & Mutations

You can breathe waves of freezing cold.
You can buffet flying creatures when you breathe cold.
Your icy white scales are hard (AC +7).
Your body does not fit into most forms of armour.
Your flesh is cold resistant. (rC+)
You are cold-blooded and may be slowed by cold attacks.


Message History

You barely miss the ettin.
The ettin is moderately wounded.
The ettin hits you with a dire flail!!!
* * * LOW HITPOINT WARNING * * *
The ettin barely misses you.
You hear a shout! x3; You hear two shouts!
You hear a shout! x2
You feel better. The ogre misses you.
An ogre comes into view. It is wielding a giant club.
You feel better.
Your transformation has ended.
Your +0 cloak unmelds from your body.
Your +0 pair of gloves unmelds from your body.
Your +2 pair of boots unmelds from your body.
The ogre moves out of view.
The ogre barely misses you.
The ettin looks more healthy.
Okay, then.
The ettin hits you with a dire flail!
* * * LOW HITPOINT WARNING * * *
The ettin hits you with a dire flail!!
You die...

##.....#.......##......#.
#.#............................
......................>.......
.............................##
#.##.....................#....##
###..............##............#
.#.............................##
..#..........)))..........#.....#
..##...........#@...#....O##....#
...#........#....C.###...#...)..#
.........#........O#..O.#........
...#....##........#....#....###..
#..................O.###...## ..
........#.........#.......## ..
.........#........##.....## ..
......#...#........#.#...# .#
......#..##...........#.... ..


You could see an ettin and 2 ogres.

Vanquished Creatures
  An orc sorcerer (Orc:1)
  4 two-headed ogres
  3 wargs
  Menkaure (D:4)
  Edmund (D:6)
  2 water moccasins
  A black bear (D:7)
  2 ice beasts (D:8)
  7 orc warriors
  2 centaurs
  A phantom (D:8)
  9 ogres
  A gnoll sergeant (D:8)
  2 giant frogs
  A wyvern skeleton (D:9)
  3 scorpions
  A water moccasin skeleton (D:8)
  3 wights (D:7)
  10 killer bees
  4 howler monkeys
  8 crimson imps
  3 quasits
  3 jellies
  2 centaur skeletons
  8 hounds
  18 orc wizards
  9 orc priests
  A giant frog zombie (D:7)
  4 giant frog skeletons
  3 iguanas
  7 worker ants
  3 hound zombies
  A hound skeleton (D:6)
  A howler monkey skeleton (D:8)
  9 gnolls
  11 adders
  4 shadow imps
  2 oozes
  An adder zombie (D:6)
  4 worms
  2 dart slugs (D:2)
  2 giant geckos
  37 orcs
  5 giant cockroaches
  9 hobgoblins
  6 jackals
  12 kobolds
  8 quokkas
  3 ball pythons
  10 bats
  A giant gecko skeleton (D:4)
  5 giant newts
  8 goblins
  8 rats
  A rat zombie (D:4)
278 creatures vanquished.

Vanquished Creatures (others)
  An orc wizard (D:8)
  A quokka (D:8)
2 creatures vanquished.

Grand Total: 280 creatures vanquished

Notes
Turn   | Place    | Note
--------------------------------------------------------------
     0 | D:1      | Denapoli the Draconian Transmuter began the quest for the Orb.
     0 | D:1      | Reached XP level 1. HP: 16/16 MP: 3/3
   113 | D:1      | Reached XP level 2. HP: 19/23 MP: 3/5
   386 | D:1      | Found a shattered altar of Ashenzari.
   772 | D:1      | Reached XP level 3. HP: 24/28 MP: 4/6
   783 | D:1      | Learned a level 3 spell: Spider Form
  1575 | D:2      | Reached XP level 4. HP: 33/36 MP: 5/7
  1618 | D:2      | Reached skill level 4 in Unarmed Combat
  2501 | D:4      | Reached XP level 5. HP: 29/42 MP: 6/8
  2641 | D:4      | Noticed an ogre
  2653 | D:4      | Killed an ogre
  2687 | D:4      | Reached XP level 6. HP: 40/51 MP: 6/9
  2691 | D:4      | Reached skill level 5 in Unarmed Combat
  2700 | D:4      | Found a hazy altar of Hepliaklqana.
  2703 | D:4      | Noticed Menkaure
  2724 | D:4      | Found a burning altar of Makhleb.
  2742 | D:4      | Killed Menkaure
  3045 | D:4      | Found an opulent altar of Gozag.
  3145 | D:4      | Found Nuvat's Magic Scroll Shop.
  3676 | D:4      | Your scales start taking on an icy white colour.
  3676 | D:4      | Reached XP level 7. HP: 54/58 MP: 8/10
  3676 | D:4      | Gained mutation: Your flesh is cold resistant. (rC+) [White Draconian growth]
  3927 | D:4      | Found a shimmering altar of Xom.
  4002 | D:4      | Found an ancient bone altar of Kikubaaqudgha.
  4224 | D:5      | Entered Level 5 of the Dungeon
  4494 | D:5      | Reached skill level 1 in Shields
  4761 | D:5      | Found a glowing silver altar of Zin.
  4805 | D:5      | Reached skill level 6 in Unarmed Combat
  4936 | D:5      | You fall through a shaft!
  5247 | D:6      | Found an iron altar of Okawaru.
  5278 | D:6      | Became a worshipper of Warmaster Okawaru
  5389 | D:6      | Reached XP level 8. HP: 42/67 MP: 9/11
  5642 | D:6      | Found a stormy altar of Qazlal.
  5732 | D:6      | Found a staircase to the Ecumenical Temple.
  5750 | D:6      | Noticed Edmund
  5779 | D:6      | Killed Edmund
  5779 | D:6      | Reached skill level 5 in Fighting
  5962 | D:6      | Reached skill level 7 in Unarmed Combat
  6187 | D:7      | Reached * piety under Okawaru
  6445 | D:7      | Reached skill level 5 in Transmutations
  6553 | D:7      | Reached skill level 8 in Unarmed Combat
  6553 | D:7      | Reached XP level 9. HP: 63/75 MP: 12/12
  6613 | D:7      | Reached skill level 5 in Dodging
  6700 | D:7      | Reached ** piety under Okawaru
  7468 | D:8      | Reached skill level 9 in Unarmed Combat
  7673 | D:8      | Found a white marble altar of Elyvilon.
  7777 | D:8      | Reached *** piety under Okawaru
  8141 | D:8      | Reached XP level 10. HP: 68/84 MP: 11/13
  8939 | D:9      | Found Ypedir's Food Shop.
  8957 | D:9      | Found a sparkling altar of Nemelex Xobeh.
  9125 | D:9      | Reached skill level 10 in Unarmed Combat
  9166 | D:9      | Found Eodic's Eclectic Emporium.
  9284 | D:9      | Found a bloodstained altar of Trog.
  9300 | D:9      | Found a snail-covered altar of Cheibriados.
  9433 | D:9      | Reached **** piety under Okawaru
  9852 | D:9      | Found a hide-covered altar of Uskayaw.
 10020 | D:9      | Found a staircase to the Orcish Mines.
 10078 | Orc:1    | Entered Level 1 of the Orcish Mines
 10638 | Orc:1    | Noticed an orc sorcerer
 10657 | Orc:1    | Killed an orc sorcerer
 10804 | Orc:2    | Entered Level 2 of the Orcish Mines
 10804 | Orc:2    | Found a staircase to the Elven Halls.
 11130 | Orc:2    | Reached skill level 11 in Unarmed Combat
 11220 | Orc:2    | Found Diwareto's Antique Weapon Emporium.
 11223 | Orc:2    | Noticed an ettin
 11250 | Orc:2    | Slain by an ettin

Vault maps used:
D:1:      sevenhm_arrival_forest_fort_large_4, minmay_misc_feat_plants,
          dk_noncrumbling_4, nrook_loot_triangle, ashenzari_altar_1
D:2:      first_bread, kennysheep_pointless_box
D:3:      st_stairs_13
D:4:      grunt_temple_overflow_champion_of_chaos, grunt_gozag_statues,
          old_standard_altar, lemuel_zombie_altar_kikubaaqudgha, serial_shops,
          shop_statue, wad_floor_pattern_untrapped, minivault_4, uniq_menkaure
D:5:      zin_academy
D:6:      kennysheep_mini_moat, okawaru_altar_gauntlet_db,
          minmay_temple_entry_nine_rooms, uniq_edmund
D:7:      grunt_ogre_cave
D:8:      elyvilon_altar_4, grunt_ministairs_3
D:9:      old_standard_altar, lemuel_crystal_altar,
          nicolae_overflow_crystal_walls, kennysheep_mini, orc_0_dummy,
          serial_shops, shop, nicolae_alphabet_shops, kennysheep_generic_room_12
Orc:1:    basic_altar, amalloy_card_club
Orc:2:    st_orc_open

Skill      XL: |  1  2  3  4  5  6  7  8  9 10 |
---------------+-------------------------------+-----
Dodging        | 2 3 4 6 7 |  7.1
Fighting       | 2 3 4 5 6 8 |  8.3
Unarmed Combat | 4 5 6 8 9 11 | 11.0
Transmutations | 3 4 5 6 7 |  7.5
Shields        | 2 |  2.0
Spellcasting   | |  2.0

Action                   |  1- 3 |  4- 6 |  7- 9 | 10-12 || total
-------------------------+-------+-------+-------+-------++-------
Melee: Unarmed           |   174 |   146 |   541 |   279 ||  1140
       Tailslap          |    13 |    21 |    58 |    24 ||   116
       Headbutt          |    12 |    14 |    68 |    26 ||   120
       Kick              |     1 |       |       |       ||     1
       Punch             |     2 |     2 |    14 |     5 ||    23
 Cast: Beastly Appendage |    30 |    23 |    66 |    26 ||   145
       Spider Form       |     2 |     5 |     9 |    15 ||    31
Invok: Heroism           |       |       |       |     1 ||     1
 Abil: Breathe Frost     |       |       |    11 |     1 ||    12
Evoke: Wand              |       |     3 |       |       ||     3
  Use: Scroll            |     9 |     1 |     1 |       ||    11
       Potion            |       |       |     4 |     3 ||     7
 Stab: Sleeping          |       |       |     1 |     1 ||     2
  Eat: Chunk             |     3 |     6 |    10 |    12 ||    31
       Bread ration      |       |     1 |     2 |       ||     3
       Beef jerky        |       |       |       |     1 ||     1
Armor: Skin              |    65 |    47 |   183 |    49 ||   344
Dodge: Dodged            |   119 |    90 |   473 |   280 ||   962
Block: Buckler           |       |     1 |       |       ||     1
